 Dungeon Crawl Stone Soup version 0.21-a0-225-g207ae17 (webtiles) character file.

197 Moloch the Poker (level 5, -3/42 HPs)
             Began as a Mummy Fighter on Aug 29, 2017.
             Killed by divine providence
             ... invoked by an orc priest
              (12 damage)
             ... on level 2 of the Dungeon.
             The game lasted 00:02:09 (1854 turns).

Moloch the Poker (Mummy Fighter)                    Turns: 1854, Time: 00:02:10

Health: -3/42      AC:  6    Str: 19    XL:     5   Next: 46%
Magic:  5/5        EV:  7    Int:  8    God:
Gold:   70         SH:  8    Dex: 12    Spells: 4/4 levels left

rFire    x . .     SeeInvis .   a - +0 trident
rCold    + . .     Gourm    .   c - +0 shield
rNeg     + + +     Faith    .   b - +0 scale mail
rPois    ∞         Spirit   .   (no helmet)
rElec    .         Reflect  .   (no cloak)
rCorr    .         Harm     .   (no gloves)
MR       .....                  (no boots)
Stlth    ..........             (no amulet)
HPRegen  0.14/turn              (no ring)
MPRegen  0.09/turn              (no ring)

@: no status effects
A: no food or potions, fire vulnerability, cold resistance 1, negative energy
resistance 3, torment resistance, unbreathing
a: no special abilities


You were on level 2 of the Dungeon.
You were not hungry.

You visited 1 branch of the dungeon, and saw 3 of its levels.

You collected 70 gold pieces.

Inventory:

Hand Weapons
 a - a +0 trident (weapon)
Armour
 b - a +0 scale mail (worn)
 c - a +0 shield (worn)
Jewellery
 l - a cursed ring of ice {unknown}
Wands
 k - a wand of iceblast (5/15)
Scrolls
 d - a scroll of magic mapping {unknown}
 e - a scroll of identify {unknown}
 f - a scroll of amnesia {unknown}
 g - 2 scrolls of enchant armour {unknown}
 h - a scroll of enchant weapon {unknown}
 i - 2 scrolls of remove curse {unknown}
 j - a scroll of recharging {unknown}


   Skills:
 + Level 3.7 Fighting
 * Level 4.3 Polearms
 - Level 2.4 Armour
 - Level 2.4 Shields


You had 4 spell levels left.
You didn't know any spells.

Dungeon Overview and Level Annotations

Branches:
Dungeon (3/15)

Altars:
Elyvilon
Yredelemnul


Innate Abilities, Weirdness & Mutations

You do not eat or drink.
Your flesh is vulnerable to fire.
You are immune to poison.
Your flesh is cold resistant. (rC+)
You are immune to negative energy. (rN+++)
You are immune to unholy pain and torment.
You can survive without breathing.


Message History

The orc priest hits you but does no damage.
You hit the orc priest.
The orc priest is lightly wounded.
The orc priest hits you with a war axe!
You closely miss the orc priest.
The orc priest is lightly wounded.
The orc priest looks braver for a moment.
You hit the orc priest.
The orc priest is moderately wounded.
The orc priest invokes the aid of Beogh against you.
Beogh smites you!
You barely miss the orc priest.
The orc priest is moderately wounded.
The orc priest hits you with a war axe.
* * * LOW HITPOINT WARNING * * *
You puncture the orc priest!
The orc priest is almost dead.
The orc priest mumbles some strange prayers to Beogh against you.
Beogh smites you!
You die...

.....♣#♣.....♣#.##..<......####.#
.....⌠♣♣.....♣#..................
...)_.♣♣....♣##.......#####.###.#
.....⌠♣♣....♣#........# #.# #.#
♣....♣#♣...♣##...#...## #.# #.#
♣♣♣♣♣#♣...♣♣#....##### #.# #.#
#####♣..♣♣###.#..##########.# #.#
.......♣###...#)o...........# #!.
......###...###.@.########### #..
###.......####.....# #.. #
###.#..## #......# #^. ####.....#
#...#..# ##########.. ..<....#.#
##.#...## #........... ####.....#
#......# #.#########.
#####.#..###..#.######.# #.
.......)........)......#########.
......#..........................


You could see an orc priest.

Vanquished Creatures
  Jessica (D:2)
  Terence (D:2)
  Natasha (twice) (D:2)
  4 adders
  An ooze (D:2)
  3 worms (D:2)
  A dart slug (D:1)
  An orc (D:2)
  6 bats
  A giant cockroach (D:1)
  6 goblins
  8 hobgoblins
  2 jackals (D:2)
  A frilled lizard (D:1)
  5 kobolds
  2 rats (D:2)
45 creatures vanquished.

Notes
Turn   | Place    | Note
-------+----------+-------------------------------------------
     0 | D:1      | Moloch the Mummy Fighter began the quest for the Orb.
     0 | D:1      | Reached XP level 1. HP: 18/18 MP: 1/1
   156 | D:1      | Reached skill level 2 in Polearms
   172 | D:1      | Reached XP level 2. HP: 24/24 MP: 2/2
   725 | D:2      | Noticed Jessica
   734 | D:2      | Killed Jessica
   734 | D:2      | Reached XP level 3. HP: 28/29 MP: 3/3
   769 | D:2      | Reached skill level 3 in Polearms
   833 | D:2      | Reached XP level 4. HP: 33/35 MP: 4/4
  1154 | D:2      | Noticed Terence
  1169 | D:2      | Killed Terence
  1210 | D:2      | Found a basalt altar of Yredelemnul.
  1401 | D:2      | Found a white marble altar of Elyvilon.
  1432 | D:2      | Noticed Natasha
  1445 | D:2      | Killed Natasha
  1445 | D:2      | Reached skill level 4 in Polearms
  1445 | D:2      | Reached XP level 5. HP: 22/42 MP: 5/5
  1485 | D:2      | Noticed Natasha
  1504 | D:2      | Killed Natasha
  1854 | D:2      | Killed from afar by an orc priest

Vault maps used:
D:1:      sevenhm_arrival_forest_fort_small_3
D:2:      kennysheep_ying_yang, uniq_terence, uniq_natasha, uniq_jessica
D:3:      kennysheep_six_static_rooms, overflow_temple_1_default,
          eino_tiny_chamber, xom_teletrap_fun

Skill      XL: |  1  2  3  4 |
---------------+-------------+-----
Polearms       | 2 3 4 |  4.3
Fighting       | |  3.7
Armour         | |  2.4
Shields        | |  2.4

Action                   |  1- 3 |  4- 6 || total
-------------------------+-------+-------++-------
Melee: Trident           |    99 |   123 ||   222
Armor: Scale mail        |    39 |    44 ||    83
Dodge: Dodged            |    30 |    17 ||    47
Block: Shield            |    32 |    33 ||    65

Table legend:
 A = Spawn XP
 B = Non-spawn XP
 C = Spawn XP percentage of total XP
 D = Spawn monster count
 E = Non-spawn monster count
 F = Spawn count percentage of total count
 G = Total turns spent on level
                    A         B        C        D         E        F      G
               +---------+---------+-------+---------+---------+-------+---------
         Total |      19 |     263 |   6.7 |       7 |      38 |  15.6 |  1854
               +---------+---------+-------+---------+---------+-------+---------
           D:1 |       6 |      24 |  20.0 |       3 |      12 |  20.0 |   709
           D:2 |      13 |     226 |   5.4 |       4 |      25 |  13.8 |  1085
           D:3 |       0 |      13 |   0.0 |       0 |       1 |   0.0 |    60
               +---------+---------+-------+---------+---------+-------+---------
